| TOP OF THE 1ST |
|
Phoenix Giants batting - Pitching for Salt Lake City Bees : RHP Tony Archuleta
|
|
Pitching: RHP Tony Archuleta
|
|
|
Batting: LHB Mike Reynolds
|
0-0: Ball 1-0: Called Strike 1-1: Ball 2-1: Foul Ball, location: 2F 2-2: Ball 3-2: Ground out 4-3 (Groundball, 4S, EV 88.1 MPH)
|
|
Batting: LHB Glenn Arnett
|
0-0: Foul Ball, location: 2F 0-1: Foul Ball, location: 2F 0-2: Strikes out swinging
|
|
Batting: LHB Ernie Riles
|
0-0: Called Strike 0-1: Foul Ball, location: 2F 0-2: Ground out 5-3 (Groundball, 56, EV 100.6 MPH)
|
| Top of the 1st over - 0 runs, 0 hits, 0 errors, 0 left on base; Phoenix 0 - Salt Lake City 0 |
| BOTTOM OF THE 1ST |
|
Salt Lake City Bees batting - Pitching for Phoenix Giants : RHP Tom Owens
|
|
Pitching: RHP Tom Owens
|
|
|
Batting: LHB Mike Cole
|
0-0: Called Strike 0-1: Called Strike 0-2: Ground out 5-3 (Groundball, 56, EV 80.0 MPH)
|
|
Batting: RHB Stephen Vaughan
|
0-0: Ball 1-0: SINGLE (Groundball, P, EV 92.5 MPH) (infield hit)
|
|
Batting: RHB Dick C Schofield
|
0-0: Ball 1-0: Ball 2-0: Ball 3-0: Called Strike 3-1: Foul Ball, location: 2F 3-2: Foul Ball, location: 2F 3-2: Fly out, F7 (Flyball, 78M, EV 97.5 MPH)
|
|
Batting: RHB William Cole
|
0-0: Foul Ball, location: 2F 0-1: Ball 1-1: Called Strike Stephen Vaughan steals 2nd base 1-2: Foul Ball, location: 2F 1-2: Foul Ball, location: 2F 1-2: Ball 2-2: Foul Ball, location: 2F 2-2: Foul Ball, location: 2F 2-2: Ball 3-2: Ground out 5-3 (Groundball, 5, EV 85.0 MPH)
|
| Bottom of the 1st over - 0 runs, 1 hit, 0 errors, 1 left on base; Phoenix 0 - Salt Lake City 0 |
| TOP OF THE 2ND |
|
Phoenix Giants batting - Pitching for Salt Lake City Bees : RHP Tony Archuleta
|
|
Batting: SHB John Macauley
|
0-0: Foul Ball, location: 2F 0-1: Ball 1-1: Ball 2-1: Ball 3-1: Called Strike 3-2: Ground out 6-3 (Groundball, 6, EV 90.0 MPH)
|
|
Batting: RHB Paul Zuvella
|
0-0: Ball 1-0: Called Strike 1-1: Ball 2-1: Swinging Strike 2-2: Foul Ball, location: 2F 2-2: Foul Ball, location: 2F 2-2: SINGLE (Groundball, 5D, EV 94.4 MPH)
|
|
Batting: LHB Lawrence Thomas
|
0-0: Ball 1-0: DOUBLE (Line Drive, 9LM, EV 106.3 MPH) Paul Zuvella to third Runner from 3rd tries for Home, SAFE, throw by RF to trailing runner, SAFE at third!
|
|
Batting: RHB Adam Veldman
|
0-0: Swinging Strike 0-1: Ball 1-1: SINGLE (Flyball, 7S, EV 89.4 MPH) Lawrence Thomas scores
|
|
Batting: LHB Frank Gill
|
0-0: Called Strike 0-1: Swinging Strike 0-2: Ball 1-2: Foul Ball, location: 2F 1-2: Foul Ball, location: 2F 1-2: Strikes out swinging
|
|
Batting: RHB Tom Wieghaus
|
0-0: Called Strike 0-1: Ball 1-1: SINGLE (Groundball, 34D, EV 98.8 MPH) Adam Veldman to second Runner from 2nd tries for 3rd, SAFE, throw by RF made to third
|
|
Batting: LHB Mike Reynolds
|
0-0: Ball 1-0: Ball 2-0: SINGLE (Groundball, 4MS, EV 70.0 MPH) (infield hit) Adam Veldman scores Tom Wieghaus to second
|
|
Batting: LHB Glenn Arnett
|
0-0: Called Strike 0-1: Ball 1-1: Foul Ball, location: 2F 1-2: Fly out, F8 (Flyball, 89D, EV 80.6 MPH)
|
| Top of the 2nd over - 3 runs, 5 hits, 0 errors, 2 left on base; Phoenix 3 - Salt Lake City 0 |
| BOTTOM OF THE 2ND |
|
Salt Lake City Bees batting - Pitching for Phoenix Giants : RHP Tom Owens
|
|
Batting: RHB Jamie Nelson
|
0-0: Called Strike 0-1: Foul Ball, location: 2F 0-2: Ball 1-2: Ball 2-2: Fly out, F9 (Flyball, 9S, EV 76.3 MPH)
|
|
Batting: LHB Robert Schuster
|
0-0: Foul Ball, location: 2F 0-1: Ball 1-1: Ball 2-1: Ball 3-1: Base on Balls
|
|
Batting: RHB Darnell Coles
|
0-0: Called Strike 0-1: Swinging Strike 0-2: Strikes out looking
|
|
Batting: RHB Darrell Miller
|
0-0: Called Strike 0-1: Called Strike 0-2: Ball 1-2: Ball 2-2: Ball 3-2: Fly out, F9 (Flyball, 89D, EV 90.6 MPH)
|
| Bottom of the 2nd over - 0 runs, 0 hits, 0 errors, 1 left on base; Phoenix 3 - Salt Lake City 0 |
| TOP OF THE 3RD |
|
Phoenix Giants batting - Pitching for Salt Lake City Bees : RHP Tony Archuleta
|
|
Batting: LHB Ernie Riles
|
0-0: Called Strike 0-1: Ground out 4-3 (Groundball, 4M, EV 105.6 MPH)
|
|
Batting: SHB John Macauley
|
0-0: Ball 1-0: Foul Ball, location: 2F 1-1: Ball 2-1: Fly out, F7 (Flyball, 78S, EV 86.3 MPH)
|
|
Batting: RHB Paul Zuvella
|
0-0: Ball 1-0: Called Strike 1-1: Called Strike 1-2: Ground out 1-5-3 (Groundball, 15S, EV 94.4 MPH)
|
| Top of the 3rd over - 0 runs, 0 hits, 0 errors, 0 left on base; Phoenix 3 - Salt Lake City 0 |
| BOTTOM OF THE 3RD |
|
Salt Lake City Bees batting - Pitching for Phoenix Giants : RHP Tom Owens
|
|
Batting: RHB Reid Nichols
|
0-0: Called Strike 0-1: Ground out U3 (Groundball, 13, EV 83.1 MPH)
|
|
Batting: LHB Mike Cole
|
0-0: SINGLE (Groundball, 4M, EV 99.4 MPH) (infield hit)
|
|
Batting: RHB Stephen Vaughan
|
0-0: Ball 1-0: Swinging Strike 1-1: Ball 2-1: Ball 3-1: Base on Balls Mike Cole to second
|
|
Batting: RHB Dick C Schofield
|
0-0: Ball Mike Cole steals 3rd base Stephen Vaughan to second 1-0: Ball 2-0: Hit by Pitch
|
|
Batting: RHB William Cole
|
0-0: Foul Ball, location: 2F 0-1: Ball 1-1: Swinging Strike 1-2: Strikes out swinging
|
|
Batting: RHB Jamie Nelson
|
0-0: Ball 1-0: Ball 2-0: Called Strike 2-1: Swinging Strike 2-2: Strikes out swinging
|
| Bottom of the 3rd over - 0 runs, 1 hit, 0 errors, 3 left on base; Phoenix 3 - Salt Lake City 0 |
| TOP OF THE 4TH |
|
Phoenix Giants batting - Pitching for Salt Lake City Bees : RHP Tony Archuleta
|
|
Batting: LHB Lawrence Thomas
|
0-0: Ball 1-0: Fly out, F8 (Flyball, 8RD, EV 98.1 MPH)
|
|
Batting: RHB Adam Veldman
|
0-0: DOUBLE (Groundball, 5L, EV 106.9 MPH)
|
|
Batting: LHB Frank Gill
|
0-0: Swinging Strike 0-1: Foul Ball, location: 2F 0-2: Strikes out looking
|
|
Batting: RHB Tom Wieghaus
|
0-0: Swinging Strike 0-1: Ball 1-1: Fly out, F8 (Flyball, 8LD, EV 90.0 MPH)
|
| Top of the 4th over - 0 runs, 1 hit, 0 errors, 1 left on base; Phoenix 3 - Salt Lake City 0 |
| BOTTOM OF THE 4TH |
|
Salt Lake City Bees batting - Pitching for Phoenix Giants : RHP Tom Owens
|
|
Batting: LHB Robert Schuster
|
0-0: Ground out 5-3 (Groundball, 5, EV 83.1 MPH)
|
|
Batting: RHB Darnell Coles
|
0-0: Foul Ball, location: 2F 0-1: Foul Ball, location: 2F 0-2: Foul Ball, location: 2F 0-2: Ball 1-2: SINGLE (Groundball, 6S, EV 75.0 MPH) (infield hit)
|
|
Batting: RHB Darrell Miller
|
0-0: Fly out, F7 (Line Drive, 7, EV 99.4 MPH)
|
|
Batting: RHB Reid Nichols
|
0-0: Ball 1-0: SINGLE (Groundball, 34D, EV 95.0 MPH) Darnell Coles to second Runner from 2nd tries for 3rd, SAFE, throw by RF made to third
|
|
Batting: LHB Mike Cole
|
0-0: Called Strike 0-1: Ball 1-1: Ball 2-1: Ball 3-1: Foul Ball, location: 2F 3-2: Base on Balls Reid Nichols to second
|
|
Batting: RHB Stephen Vaughan
|
0-0: Swinging Strike 0-1: Ball 1-1: Foul Ball, location: 2F 1-2: Strikes out looking
|
| Bottom of the 4th over - 0 runs, 2 hits, 0 errors, 3 left on base; Phoenix 3 - Salt Lake City 0 |
| TOP OF THE 5TH |
|
Phoenix Giants batting - Pitching for Salt Lake City Bees : RHP Tony Archuleta
|
|
Batting: LHB Mike Reynolds
|
0-0: Ball 1-0: Ball 2-0: Called Strike 2-1: Foul Ball, location: 2F 2-2: Foul Ball, location: 2F 2-2: Ball 3-2: SINGLE (Flyball, 78S, EV 92.5 MPH)
|
|
Batting: LHB Glenn Arnett
|
0-0: Reached on error, E3 (Groundball, 3S, EV 43.8 MPH) Mike Reynolds to second
|
|
Batting: LHB Ernie Riles
|
0-0: Called Strike 0-1: Foul Ball, location: 2F 0-2: Ball 1-2: Ball 2-2: SINGLE (Line Drive, 9S, EV 106.3 MPH) Mike Reynolds to third Glenn Arnett to second Runner from 3rd tries for Home, SAFE, throw by RF to home
|
|
Batting: SHB John Macauley
|
0-0: Ball Glenn Arnett steals 3rd base Ernie Riles to second 1-0: Swinging Strike 1-1: Ball 2-1: Foul Ball, location: 2F 2-2: Ball 3-2: SINGLE (Line Drive, 4MD, EV 98.8 MPH) Glenn Arnett scores Ernie Riles to third Runner from 3rd tries for Home, SAFE, throw by CF to home
|
|
Batting: RHB Paul Zuvella
|
0-0: Foul Ball, location: 2F 0-1: Swinging Strike 0-2: Foul Ball, location: 2F 0-2: Strikes out looking
|
|
Batting: LHB Lawrence Thomas
|
0-0: Called Strike John Macauley is caught stealing 2nd base 2-6 0-1: SINGLE (Line Drive, 6M, EV 105.0 MPH)
|
|
Batting: RHB Adam Veldman
|
0-0: Ball 1-0: Ball 2-0: Foul Ball, location: 2F 2-1: SINGLE (Line Drive, 9S, EV 96.9 MPH) Lawrence Thomas to second
|
|
Batting: LHB Frank Gill
|
0-0: Called Strike 0-1: Ball 1-1: Ball 2-1: Foul Ball, location: 2F 2-2: Ball 3-2: Ground out U3 (Groundball, 3, EV 103.8 MPH)
|
| Top of the 5th over - 3 runs, 5 hits, 1 error, 2 left on base; Phoenix 6 - Salt Lake City 0 |
| BOTTOM OF THE 5TH |
|
Salt Lake City Bees batting - Pitching for Phoenix Giants : RHP Tom Owens
|
|
Batting: RHB Dick C Schofield
|
0-0: Ball 1-0: Called Strike 1-1: Ball 2-1: Ball 3-1: Swinging Strike 3-2: SINGLE (Line Drive, 89S, EV 101.9 MPH)
|
|
Batting: RHB William Cole
|
0-0: Ball 1-0: Called Strike 1-1: Ball 2-1: Ball 3-1: Grounds into double play, 6-4-3 (Groundball, 6, EV 77.5 MPH)
|
|
Batting: RHB Jamie Nelson
|
0-0: Foul Ball, location: 2F 0-1: Ball 1-1: Foul Ball, location: 2F 1-2: Strikes out swinging
|
| Bottom of the 5th over - 0 runs, 1 hit, 0 errors, 0 left on base; Phoenix 6 - Salt Lake City 0 |
| TOP OF THE 6TH |
|
Phoenix Giants batting - Pitching for Salt Lake City Bees : RHP Tony Archuleta
|
|
Batting: RHB Tom Wieghaus
|
0-0: Ball 1-0: Called Strike 1-1: Ball 2-1: Ground out 3-1 (Groundball, 34, EV 85.6 MPH)
|
|
Batting: LHB Mike Reynolds
|
0-0: Foul Ball, location: 2F 0-1: Ball 1-1: Swinging Strike 1-2: Ball 2-2: Ball 3-2: Fly out, F8 (Flyball, 8RD, EV 78.1 MPH)
|
|
Batting: LHB Glenn Arnett
|
0-0: Fly out, F7 (Line Drive, 7, EV 96.3 MPH)
|
| Top of the 6th over - 0 runs, 0 hits, 0 errors, 0 left on base; Phoenix 6 - Salt Lake City 0 |
| BOTTOM OF THE 6TH |
|
Salt Lake City Bees batting - Pitching for Phoenix Giants : RHP Tom Owens
|
|
Batting: LHB Robert Schuster
|
0-0: Called Strike 0-1: Foul Ball, location: 2F 0-2: Ball 1-2: SINGLE (Line Drive, 9S, EV 111.3 MPH)
|
|
Batting: RHB Darnell Coles
|
0-0: Fly out, F7 (Flyball, 7, EV 85.6 MPH)
|
|
Batting: RHB Darrell Miller
|
0-0: Called Strike 0-1: Ball 1-1: Fly out, F7 (Flyball, 78XD, EV 105.6 MPH)
|
|
Batting: RHB Reid Nichols
|
0-0: Called Strike 0-1: Ball 1-1: Swinging Strike 1-2: Ball 2-2: Foul Ball, location: 2F 2-2: Foul Ball, location: 2F 2-2: DOUBLE (Line Drive, 9LM, EV 107.5 MPH) Robert Schuster to third Runner from 3rd tries for Home, SAFE, no throw by RF
|
|
Pitching: RHP Terry Cornutt
|
|
|
Batting: LHB Mike Cole
|
0-0: Called Strike 0-1: Ball 1-1: Foul Ball, location: 2F 1-2: Ball 2-2: SINGLE (Line Drive, 8RS, EV 105.6 MPH) Reid Nichols to third Runner from 3rd tries for Home, SAFE, throw by CF to home
|
|
Batting: RHB Stephen Vaughan
|
0-0: Swinging Strike 0-1: Called Strike 0-2: Ball Mike Cole steals 2nd base 1-2: Ball 2-2: SINGLE (Line Drive, 6D, EV 100.6 MPH) Mike Cole to third Runner from 3rd tries for Home, SAFE, throw by CF to home
|
|
Batting: RHB Dick C Schofield
|
0-0: Ball 1-0: Ball Stephen Vaughan steals 2nd base (no throw) 2-0: Ball 3-0: Foul Ball, location: 2F 3-1: Ground out 5-3 (Groundball, 5S, EV 83.1 MPH)
|
| Bottom of the 6th over - 3 runs, 4 hits, 0 errors, 1 left on base; Phoenix 6 - Salt Lake City 3 |
| TOP OF THE 7TH |
|
Phoenix Giants batting - Pitching for Salt Lake City Bees : RHP Tony Archuleta
|
|
Batting: LHB Ernie Riles
|
0-0: Called Strike 0-1: SINGLE (Flyball, 3D, EV 88.1 MPH)
|
|
Batting: SHB John Macauley
|
0-0: Ball 1-0: Ball 2-0: Ball 3-0: Base on Balls Ernie Riles to second
|
|
Pitching: LHP Gary Grunsky
|
|
|
Batting: RHB Paul Zuvella
|
0-0: Ground out 4-3 (Groundball, 34D, EV 97.5 MPH) Ernie Riles to third John Macauley to second
|
|
Batting: LHB Lawrence Thomas
|
0-0: Ball 1-0: Ball 2-0: Fly out, F8 (Flyball, 89D, EV 103.8 MPH) Runner from 3rd tags up, SCORES, throw by CF John Macauley to third
|
|
Batting: RHB Adam Veldman
|
0-0: Called Strike 0-1: Ball 1-1: Called Strike 1-2: Ground out 4-3 (Groundball, 4, EV 84.4 MPH)
|
| Top of the 7th over - 1 run, 1 hit, 0 errors, 1 left on base; Phoenix 7 - Salt Lake City 3 |
| BOTTOM OF THE 7TH |
|
Salt Lake City Bees batting - Pitching for Phoenix Giants : RHP Terry Cornutt
|
|
Batting: RHB William Cole
|
0-0: Fly out, F6 (Popup, P, EV 78.1 MPH)
|
|
Batting: RHB Jamie Nelson
|
0-0: Fly out, F5 (Popup, 5S, EV 80.6 MPH)
|
|
Batting: LHB Robert Schuster
|
0-0: Ball 1-0: Swinging Strike 1-1: Foul Ball, location: 2F 1-2: Fly out, F7 (Flyball, 7S, EV 83.8 MPH)
|
| Bottom of the 7th over - 0 runs, 0 hits, 0 errors, 0 left on base; Phoenix 7 - Salt Lake City 3 |
| TOP OF THE 8TH |
|
Phoenix Giants batting - Pitching for Salt Lake City Bees : LHP Gary Grunsky
|
|
Batting: LHB Frank Gill
|
0-0: Fly out, F5 (Popup, 56S, EV 65.6 MPH)
|
|
Batting: RHB Tom Wieghaus
|
0-0: Called Strike 0-1: Foul Ball, location: 2F 0-2: Ball 1-2: Strikes out swinging
|
|
Batting: LHB Mike Reynolds
|
0-0: Ball 1-0: Swinging Strike 1-1: Ball 2-1: Swinging Strike 2-2: Ground out 4-3 (Groundball, 4D, EV 97.5 MPH)
|
| Top of the 8th over - 0 runs, 0 hits, 0 errors, 0 left on base; Phoenix 7 - Salt Lake City 3 |
| BOTTOM OF THE 8TH |
|
Salt Lake City Bees batting - Pitching for Phoenix Giants : RHP Terry Cornutt
|
|
Batting: RHB Darnell Coles
|
0-0: Ball 1-0: Ground out 6-3 (Groundball, 6, EV 83.8 MPH)
|
|
Batting: RHB Darrell Miller
|
0-0: Ball 1-0: SOLO HOME RUN (Flyball, 7D, EV 96.3 MPH), Distance : 358 ft
|
|
Batting: RHB Reid Nichols
|
0-0: Called Strike 0-1: Ball 1-1: Foul Ball, location: 2F 1-2: Foul Ball, location: 2F 1-2: Fly out, F9 (Flyball, 9S, EV 88.1 MPH)
|
|
Pitching: RHP Enrique Romo
|
|
|
Now at 2B: Gordon Hahn
|
|
|
Batting: LHB Mike Cole
|
0-0: Called Strike 0-1: Ground out 4-3 (Groundball, 4, EV 80.6 MPH)
|
| Bottom of the 8th over - 1 run, 1 hit, 0 errors, 0 left on base; Phoenix 7 - Salt Lake City 4 |
| TOP OF THE 9TH |
|
Phoenix Giants batting - Pitching for Salt Lake City Bees : LHP Gary Grunsky
|
|
Batting: LHB Glenn Arnett
|
0-0: Ground out 4-3 (Groundball, 4, EV 93.1 MPH)
|
|
Batting: LHB Ernie Riles
|
0-0: Foul Ball, location: 2F 0-1: Ball 1-1: Fly out, F7 (Flyball, 78S, EV 88.1 MPH)
|
|
Batting: SHB John Macauley
|
0-0: Fly out, F8 (Flyball, 8RD, EV 94.4 MPH)
|
| Top of the 9th over - 0 runs, 0 hits, 0 errors, 0 left on base; Phoenix 7 - Salt Lake City 4 |
| BOTTOM OF THE 9TH |
|
Salt Lake City Bees batting - Pitching for Phoenix Giants : RHP Enrique Romo
|
|
Batting: RHB Stephen Vaughan
|
0-0: Ball 1-0: Ball 2-0: Ball 3-0: Called Strike 3-1: Ground out 6-3 (Groundball, 6, EV 86.9 MPH)
|
|
Batting: RHB Dick C Schofield
|
0-0: Swinging Strike 0-1: Ball 1-1: Fly out, F7 (Flyball, 78M, EV 90.0 MPH)
|
|
Batting: RHB William Cole
|
0-0: Ball 1-0: Swinging Strike 1-1: Foul Ball, location: 2F 1-2: Ball 2-2: Strikes out looking
|
| Bottom of the 9th over - 0 runs, 0 hits, 0 errors, 0 left on base; Phoenix 7 - Salt Lake City 4 |
|